 Dungeon Crawl Stone Soup version 0.25-a0-834-g55863b0 (webtiles) character file.

Game seed: 13923913379832828834, levelgen mode: deterministic

11809 BlueFish the Carver (level 11, -6/97 HPs)
             Began as a Minotaur Fighter on Apr 22, 2020.
             Was an Elder of Yredelemnul.
             Mangled by a purple ugly thing (17 damage)
             ... on level 12 of the Dungeon.
             The game lasted 00:23:40 (12428 turns).

BlueFish the Carver (Minotaur Fighter)             Turns: 12428, Time: 00:23:40

Health: -6/97      AC:  8    Str: 20    XL:     11   Next: 54%
Magic:  15/15      EV: 11    Int:  5    God:    Yredelemnul [****..]
Gold:   595        SH:  0    Dex: 16    Spells: 10/10 levels left

rFire    . . .     SeeInvis .   A - +2 great sword (freeze)
rCold    . . .     Gourm    +   (shield currently unavailable)
rNeg     . . .     Faith    .   b - +0 scale mail
rPois    .         Spirit   .   F - +1 hat
rElec    .         Reflect  .   D - +0 cloak
rCorr    +         Harm     .   (no gloves)
MR       +....                  (no boots)
Stlth    +.........             v - amulet of the gourmand
HPRegen  0.26/turn              x - ring of resist corrosion
MPRegen  0.14/turn              C - ring of protection from magic

@: slowed, heavily drained, very slow
A: retaliatory headbutt, horns 2, thin skeletal structure 1, deformed body, high
mp 1, evolution 1
a: Recall Undead Slaves, Injury Mirror, Animate Dead, Drain Life, Renounce
Religion


You were on level 12 of the Dungeon.
You worshipped Yredelemnul.
Yredelemnul was greatly pleased with you.
You were completely stuffed.

You visited 2 branches of the dungeon, and saw 13 of its levels.

You collected 705 gold pieces.
You spent 110 gold pieces at shops.

Inventory:

Hand Weapons
 a - a +1 long sword
 A - a +2 great sword of freezing (weapon)
 E - a +1 long sword of freezing
Armour
 b - a +0 scale mail (worn)
 c - a +0 kite shield
 D - a +0 cloak (worn)
 F - a +1 hat (worn)
Jewellery
 v - an amulet of the gourmand (around neck)
 x - a ring of resist corrosion (left hand)
 C - a ring of protection from magic (right hand)
Wands
 k - a wand of clouds (4)
 m - a wand of digging (3)
 y - a wand of polymorph (6)
 B - a wand of flame (51)
 G - a wand of paralysis (11)
Scrolls
 h - 5 scrolls of teleportation
 i - 6 scrolls of fog
 o - 11 scrolls of remove curse
 r - 3 scrolls of amnesia
 s - 5 scrolls of fear
 w - a scroll of immolation
 J - a scroll of magic mapping {unknown}
Potions
 d - 2 potions of might
 e - a potion of cancellation
 g - 3 potions of magic
 j - 6 potions of curing
 l - a potion of flight {unknown}
 n - a potion of haste
 p - a potion of berserk rage
 q - a potion of resistance {unknown}
 u - a potion of lignification
 z - a potion of stabbing {unknown}
 H - 2 potions of degeneration {unknown}
 I - a potion of heal wounds
Comestibles
 f - 19 rations


   Skills:
 * Level 9.5(8.1) Fighting
 * Level 14.4(12.8) Long Blades
 * Level 11.6(10.1) Armour
 + Level 3.5(2.3) Dodging
 + Level 3.8(2.6) Shields
 * Level 5.6(4.4) Invocations


You had 10 spell levels left.
You didn't know any spells.
Your spell library contained the following spells:

 Spells                   Type           Power        Failure   Level  Hunger
 Animate Skeleton         Necr           N/A          77%         1    ##.....
 Apportation              Tloc           #.....       77%         1    ##.....
 Corona                   Hex            #......      77%         1    ##.....
 Shock                    Conj/Air       #...         77%         1    ##.....
 Summon Small Mammal      Summ           #...         77%         1    ##.....
 Swiftness                Chrm/Air       #.......     88%         2    ###....
 Static Discharge         Conj/Air       #.......     98%         3    ####...
 Airstrike                Air            #.........   100%        4    #####..
 Lightning Bolt           Conj/Air       #.........   100%        5    ######.
 Malign Gateway           Summ/Tloc      #.........   100%        7    #######
 Monstrous Menagerie      Summ           #.........   100%        7    #######
 Summon Greater Demon     Summ           #.........   100%        7    #######
 Summon Horrible Things   Summ           #.........   100%        8    #######


Dungeon Overview and Level Annotations

Branches:
Dungeon (12/15)            Temple (1/1) D:4            Lair (0/6) D:11
    Orc (0/2) D:9

Altars:
Ashenzari
Cheibriados
Dithmenos
Elyvilon
Fedhas
Gozag
Hepliaklqana
Kikubaaqudgha
Makhleb
Nemelex Xobeh
Okawaru
Qazlal
Ru
Sif Muna
Trog
Uskayaw
Vehumet
Wu Jian
Xom
Yredelemnul
Zin
The Shining One
Beogh

Shops:
D:8 [:*:?

Annotations:
D:12 Josephine


Innate Abilities, Weirdness & Mutations

You reflexively headbutt those who attack you in melee.
You have a pair of horns on your head.
You have a somewhat thin skeletal structure. (Dex +2, Stealth)
Armour fits poorly on your strangely shaped body.
You have an increased reservoir of magic. (+10% MP)
You evolve.


Message History

The wraith hits you!
* * * LOW HITPOINT WARNING * * *
The wraith drains your vigour!
You feel as though you will be slow longer.
The orc shouts!
You feel much better.
Your surroundings suddenly seem different.
A purple ugly thing comes into view.
The purple ugly thing gurgles horribly!
Found 9 arrows and a ration.
Found a stone staircase leading down.
You hit the purple ugly thing but do no damage.
Your headbutt misses the purple ugly thing.
The purple ugly thing punches you!
* * * LOW HITPOINT WARNING * * *
The purple ugly thing barely misses you.
You slash the purple ugly thing! You freeze the purple ugly thing!
The purple ugly thing is moderately wounded.
The purple ugly thing punches you!
You die...
Your body rises from the dead as a mindless zombie.

#......))..
#...>.....#
#........).
#.........#
#..........
#.........#
#..........
#.........#
#[.........
+.........#
+.....)....
#.....%...#
#........).
#...(.....+
#..........
#....u@...#
#.....)WW..
#.........#
#....)W@...
####+######
#####oo####
##.. ....
......
.......
#.......
#.......


You could see a purple ugly thing.

Vanquished Creatures
  2 death yaks (D:11)
  An unseen horror (D:11)
  An ugly thing (D:11)
  Joseph (D:7)
  Maggie (D:7)
  A troll (D:11)
  A merfolk (D:9)
  A hippogriff (D:12)
  A wraith (D:12)
  5 yaks
  A wyvern (D:11)
  2 hungry ghosts (D:11)
  A soldier ant (D:11)
  A porcupine (D:11)
  4 sky beasts
  4 orc warriors
  2 black bears
  A phantom (D:6)
  An ice beast (D:11)
  3 necrophages
  4 ogres
  5 centaurs
  A big kobold (D:12)
  Blork the orc (D:4)
  2 bullfrogs
  2 scorpions
  A wyvern skeleton (D:10)
  20 wights
  9 killer bees
  A howler monkey (D:8)
  2 bullfrog zombies
  2 centaur zombies
  6 crimson imps
  A centaur skeleton (D:10)
  4 hounds
  4 jellies
  10 orc wizards
  Crazy Yiuf (D:7)
  A gnoll shaman (D:6)
  5 orc priests
  Terence (D:2)
  2 hell rats (D:11)
  An iguana (D:9)
  6 worker ants
  3 hound zombies
  2 hound skeletons
  A worker ant zombie (D:9)
  7 gnolls
  14 adders
  A river rat (D:11)
  2 shadow imps
  2 adder skeletons
  4 worms
  3 dart slugs
  3 leopard geckos
  41 orcs
  2 ball pythons
  4 giant cockroaches
  11 goblins
  10 hobgoblins
  18 jackals
  6 quokkas
  A ball python zombie (D:5)
  7 bats
  3 frilled lizards
  A giant cockroach zombie (D:5)
  A jackal zombie (D:5)
  15 kobolds
  An orc skeleton (D:9)
  7 rats
297 creatures vanquished.

Vanquished Creatures (collateral kills)
  A death yak (D:11)
  A cyclops (D:11)
  A hornet (D:10)
  A hippogriff (D:10)
  2 yaks
  A sky beast (D:8)
  2 orc warriors (D:10)
  A black bear (D:7)
  A wight (D:12)
  An orc wizard (D:10)
  A hound skeleton (D:9)
  5 orcs (D:10)
18 creatures vanquished.

Vanquished Creatures (others)
  3 flying skulls (D:11)
  A hippogriff skeleton (D:12)
  A cyclops skeleton (D:11)
  2 yak zombies (D:11)
  A yak skeleton (D:11)
  A centaur zombie (D:11)
  A bullfrog skeleton (D:11)
  An orc (D:5)
  3 jackal skeletons (D:7)
  2 kobold zombies (D:12)
16 creatures vanquished.

Grand Total: 331 creatures vanquished

Notes
Turn   | Place    | Note
-------+----------+-------------------------------------------
     0 | D:1      | BlueFish the Minotaur Fighter began the quest for the Orb.
     0 | D:1      | Reached XP level 1. HP: 19/19 MP: 0/0
   161 | D:1      | Reached XP level 2. HP: 26/27 MP: 1/1
   419 | D:1      | Reached skill level 3 in Long Blades
   872 | D:2      | Reached XP level 3. HP: 32/33 MP: 2/2
  1033 | D:2      | Reached skill level 1 in Dodging
  1033 | D:2      | Reached XP level 4. HP: 31/40 MP: 3/3
  1224 | D:2      | Reached skill level 4 in Long Blades
  1413 | D:2      | Noticed Terence
  1430 | D:2      | Killed Terence
  1430 | D:2      | Reached skill level 5 in Armour
  1430 | D:2      | Reached XP level 5. HP: 43/46 MP: 4/4
  1781 | D:3      | Reached skill level 5 in Long Blades
  2075 | D:3      | Reached XP level 6. HP: 35/53 MP: 5/5
  2659 | D:4      | Reached skill level 6 in Long Blades
  2745 | D:4      | Noticed Blork the orc
  2752 | D:4      | Killed Blork the orc
  2805 | D:4      | Found a staircase to the Ecumenical Temple.
  2810 | D:4      | Reached XP level 7. HP: 54/60 MP: 6/6
  2854 | Temple   | Entered the Ecumenical Temple
  3004 | Temple   | Became a worshipper of Yredelemnul the Dark
  3359 | D:5      | Entered Level 5 of the Dungeon
  3404 | D:5      | Reached skill level 7 in Long Blades
  3410 | D:5      | Reached skill level 5 in Fighting
  3644 | D:5      | Got a jewelled hand axe
  3689 | D:5      | Reached skill level 1 in Invocations
  4016 | D:6      | Gained mutation: You are dopey. (Int -2) [potion of
                  | mutation]
  4016 | D:6      | Gained mutation: Armour fits poorly on your strangely
                  | shaped body. [potion of mutation]
  4016 | D:6      | Gained mutation: You are frail. (-10% HP) [potion of
                  | mutation]
  4016 | D:6      | Gained mutation: You are agile. (Dex +2) [potion of
                  | mutation]
  4017 | D:6      | Lost mutation: Armour fits poorly on your strangely shaped
                  | body. [potion of mutation]
  4017 | D:6      | Lost mutation: You are frail. (-10% HP) [potion of
                  | mutation]
  4017 | D:6      | Lost mutation: You are dopey. (Int -2) [potion of mutation]
  4017 | D:6      | Gained mutation: Armour fits poorly on your strangely
                  | shaped body. [potion of mutation]
  4017 | D:6      | Gained mutation: You tend to lose your temper in combat.
                  | [potion of mutation]
  4017 | D:6      | Gained mutation: You evolve. [potion of mutation]
  4017 | D:6      | Gained mutation: Your system is resistant to poisons.
                  | (rPois) [potion of mutation]
  4132 | D:6      | Found a radiant altar of Vehumet.
  4153 | D:6      | Reached XP level 8. HP: 43/69 MP: 8/8
  4157 | D:6      | Reached skill level 8 in Long Blades
  4511 | D:6      | Reached * piety under Yredelemnul
  4885 | D:6      | Gained mutation: You are robust. (+10% HP) [evolution]
  5558 | D:7      | Noticed Maggie
  5566 | D:7      | Killed Maggie
  5566 | D:7      | Reached skill level 9 in Long Blades
  5704 | D:7      | Reached XP level 9. HP: 77/82 MP: 10/10
  5741 | D:7      | Noticed Joseph
  5760 | D:7      | Killed Joseph
  5928 | D:7      | Gained mutation: You have an increased reservoir of magic.
                  | (+10% MP) [evolution]
  6311 | D:7      | Reached skill level 10 in Long Blades
  6466 | D:7      | Found a runed translucent door.
  6467 | D:7      | Noticed Crazy Yiuf
  6471 | D:7      | Killed Crazy Yiuf
  6738 | D:8      | Reached ** piety under Yredelemnul
  6802 | D:8      | Found Athretuv's Book Emporium.
  6807 | D:8      | Found Wupto Yjesyi's Armour Emporium.
  6812 | D:8      | Reached skill level 10 in Armour
  6832 | D:8      | Bought a +1 hat for 110 gold pieces
  6884 | D:8      | Found Mifeam's Book Emporium.
  7141 | D:8      | Found Mivviv's Magic Scroll Emporium.
  7286 | D:8      | Reached skill level 11 in Long Blades
  7423 | D:8      | Lost mutation: You tend to lose your temper in combat.
                  | [evolution]
  7432 | D:8      | Found Teffo's General Store.
  7564 | D:8      | Lost mutation: Your system is resistant to poisons. (rPois)
                  | [potion of mutation]
  7564 | D:8      | Lost mutation: You are robust. (+10% HP) [potion of
                  | mutation]
  7564 | D:8      | Lost mutation: You are agile. (Dex +2) [potion of mutation]
  7564 | D:8      | Gained mutation: You have a somewhat thin skeletal
                  | structure. (Dex +2, Stealth) [potion of mutation]
  7570 | D:9      | Found a staircase to the Orcish Mines.
  7586 | D:9      | Found a roughly hewn altar of Beogh.
  7608 | D:9      | Reached XP level 10. HP: 19/86 MP: 13/13
  7613 | D:9      | HP: 4/129 [killer bee (5)]
  8368 | D:9      | Reached *** piety under Yredelemnul
  8823 | D:10     | Entered Level 10 of the Dungeon
  8992 | D:10     | Reached skill level 12 in Long Blades
  9123 | D:10     | Received a gift from Yredelemnul (3 flying skulls)
  9285 | D:10     | HP: 4/88 [poisoned by a killer bee]
  9292 | D:10     | HP: 4/88 [poisoned by a killer bee]
  9300 | D:10     | HP: 4/88 [poisoned by a killer bee]
 10090 | D:10     | Found the +9 heavy crossbow "Sniper" {vorpal, Acc+∞ SInv}
 10430 | D:11     | Noticed a cyclops
 10440 | D:11     | Killed a cyclops
 10440 | D:11     | Reached skill level 13 in Long Blades
 10683 | D:11     | Killed an unseen horror
 10855 | D:11     | Reached skill level 5 in Invocations
 10920 | D:11     | Reached XP level 11. HP: 71/95 MP: 15/15
 11125 | D:11     | Noticed a red ugly thing
 11130 | D:11     | Killed a red ugly thing
 11208 | D:11     | Noticed a death yak
 11209 | D:11     | Found a staircase to the Lair.
 11209 | D:11     | Noticed a death yak
 11209 | D:11     | Noticed a death yak
 11214 | D:11     | Reached **** piety under Yredelemnul
 11223 | D:11     | Killed a death yak
 11251 | D:11     | Killed a death yak
 11762 | D:11     | Reached skill level 14 in Long Blades
 12046 | D:11     | Killed a death yak
 12409 | D:12     | Noticed Josephine
 12426 | D:12     | Noticed a purple ugly thing
 12428 | D:12     | Mangled by a purple ugly thing

Levels and vault maps discovered:
D:1:      kennysheep_arrival_seaside, layout_basic,
          minmay_misc_feat_four_crosses
D:2:      layout_loops_ring, uniq_terence
D:3:      layout_loops_ring, first_ration, nrook_campfire,
          minmay_misc_feat_rows, grunt_ministairs_11
D:4:      layout_basic, temple_fountains, uniq_blork_the_orc
D:5:      layout_rooms
D:6:      layout_basic, lemuel_doored_altar
D:7:      layout_basic, uniq_maggie, uniq_crazy_yiuf_cottage, uniq_joseph
D:8:      layout_gridville, serial_shops, shop, nicolae_shop_trees, shop, shop,
          shop
D:9:      layout_long_grid, minmay_orc_entry_temple_small, hangedman_fish_farm
D:10:     layout_loops_corners, minmay_fractal_squares_diagonal_5
D:11:     layout_roguey, dpeg_lair_monsters
D:12:     layout_roguey, enter_trove_0, uniq_josephine
Temple:   minmay_crystal_snake_temple

Skill      XL: |  1  2  3  4  5  6  7  8  9 10 11 |
---------------+----------------------------------+-----
Armour         | 4 5 7 8 10 11 | 11.6
Long Blades    | 3 4 5 6 7 9 11 13 14 | 14.4
Fighting       | 4 5 6 7 8 9 |  9.5
Dodging        | 1 2 3 |  3.5
Invocations    | 1 2 4 5 |  5.6
Shields        | |  3.8

Action                   |  1- 3 |  4- 6 |  7- 9 | 10-12 || total
-------------------------+-------+-------+-------+-------++-------
Melee: Long sword        |    68 |   165 |   115 |       ||   348
       Headbutt          |     9 |    37 |    80 |    70 ||   196
       Scimitar          |       |       |    61 |       ||    61
       Great sword       |       |       |    82 |   220 ||   302
Invok: Animate Remains   |       |       |    17 |     4 ||    21
       Animate Dead      |       |       |       |    20 ||    20
  Use: Scroll            |       |     7 |     8 |     4 ||    19
       Potion            |       |       |    10 |     2 ||    12
 Stab: Distracted        |       |       |       |     2 ||     2
  Eat: Chunk             |       |     6 |    31 |    38 ||    75
Armor: Scale mail        |    41 |    62 |   105 |    79 ||   287
       Skin              |       |       |    36 |    19 ||    55
Dodge: Dodged            |    32 |    88 |   168 |   131 ||   419
       Rpst.: Long sword |     6 |    26 |    25 |       ||    57
       Scimitar          |       |       |    10 |       ||    10
       Great sword       |       |       |    15 |    40 ||    55

Table legend:
 A = Non-vault XP
 B = Vault XP
 C = Vault XP percentage of total XP
 D = Non-vault monster count
 E = Vault monster count
 F = Vault count percentage of total count
                 A         B        C        D         E       F
            +---------+---------+-------+---------+---------+-------
      Total |   12203 |    4668 |  27.7 |     279 |      33 |  10.6
            +---------+---------+-------+---------+---------+-------
        D:1 |      37 |       0 |   0.0 |      19 |       0 |   0.0
        D:2 |     166 |      36 |  17.8 |      34 |       1 |   2.9
        D:3 |     166 |       8 |   4.6 |      40 |       2 |   4.8
        D:4 |     253 |      96 |  27.5 |      12 |       1 |   7.7
        D:5 |     592 |       0 |   0.0 |      14 |       0 |   0.0
        D:6 |     974 |       0 |   0.0 |      24 |       0 |   0.0
        D:7 |     866 |     853 |  49.6 |      17 |       3 |  15.0
        D:8 |    1197 |       0 |   0.0 |      27 |       0 |   0.0
        D:9 |    1080 |     476 |  30.6 |      22 |      10 |  31.2
       D:10 |    1370 |     503 |  26.9 |      29 |       5 |  14.7
       D:11 |    4517 |    2491 |  35.5 |      21 |      10 |  32.3
       D:12 |     985 |     205 |  17.2 |      20 |       1 |   4.8
            +---------+---------+-------+---------+---------+-------
